Flames vs Avalanche
(R3)
Created - January 2, 2019 at 19:29
Goals
|
| Flames |
1 |
2 |
4 |
7 |
| Avalanche |
2 |
2 |
1 |
5 |
|
Shots
|
| Flames |
8 |
14 |
17 |
39 |
| Avalanche |
7 |
11 |
7 |
25 |
|
1st period
1. Avalanche , Patric Hornqvist 13 (Paul Stastny 20, Marc Staal 14) at 0:34
2. Avalanche , Jack Johnson 6 (Patric Hornqvist 20, Jay Bouwmeester 10) at 1:57 (PP)
3. Flames , Steve Regier 6 (Patrik Berglund 13) at 17:31 (PP)
Penalties :
Derek Meech (Cal) for Holding (Minor) at 1:21, Zach Boychuk (Col) for Tripping (Minor) at 4:44, Colin Wilson (Cal) for Holding (Minor) at 13:33, Mikkel Boedker (Col) for Roughing (Minor) at 16:43, Andrew Ladd (Col) for Holding (Minor) at 17:55
2nd period
4. Avalanche , Jay Bouwmeester 5 (Paul Stastny 21, Semyon Varlamov) at 2:38 (PP)
5. Avalanche , Patric Hornqvist 14 (Paul Stastny 22, Andrew Ladd 5) at 4:04
6. Flames , Eric Staal 20 (Erik Johnson 22, Alexander Semin 8) at 4:21
7. Flames , David Backes 14 (Eric Staal 19, Derek Meech 7) at 4:35
Penalties :
Mikkel Boedker (Col) for Hooking (Minor) at 0:09, Erik Johnson (Cal) for Tripping (Minor) at 1:28, Tom Poti (Cal) for Hooking (Minor) at 5:52, Dan Boyle (Col) for Roughing (Minor) at 8:23, Jordin Tootoo (Cal) for Interference (Minor) at 11:32, David Backes (Cal) for Hooking (Minor) at 15:15
3rd period
8. Flames , Jordin Tootoo 4 (David Ullstrom 5, Sami Vatanen 14) at 1:45
9. Flames , Derek Meech 2 (David Backes 29) at 5:24 (PP)
10. Flames , David Backes 15 (Eric Staal 20) at 5:35
11. Avalanche , Greg Campbell 7 (Brandon Yip 6) at 10:05
12. Flames , Alexander Semin 10 (David Backes 30, Sami Vatanen 15) at 12:04 (PP)
Penalties :
Paul Stastny (Col) for Roughing (Minor) at 5:15, Marc Staal (Col) for High sticking (Minor) at 6:28, Brandon Yip (Col) for Holding (Minor) at 10:34, Bryan Little (Col) for Hooking (Minor) at 19:04
Goalie Stats
Jonas Gustavsson (Cal), 12 saves from 13 shots - (0.923), W, 9-5-0, 35:56 minutes
Pekka Rinne (Cal), 8 saves from 12 shots - (0.667), 24:04 minutes
Semyon Varlamov (Col), 20 saves from 26 shots - (0.769), L, 8-13-1, 45:35 minutes
Roberto Luongo (Col), 12 saves from 13 shots - (0.923), 14:25 minutes
Players Stats for Flames
Player Name G A P +/- PIM S H SB GA TA FO MP PP MP PK MP
------------------------------------------------------------------------------------
Alexander Semin 1 1 2 3 0 2 2 0 0 1 0/2 21:12 7:38 0:52
Brad Marchand 0 0 0 0 0 5 1 0 0 0 0/0 13:51 0:33 3:57
Brendan Mikkelson 0 0 0 0 0 2 0 1 1 1 0/0 13:08 0:00 3:45
Colin Wilson 0 0 0 0 2 3 0 0 0 0 3/7 9:19 0:00 0:00
David Backes 2 2 4 3 2 4 1 0 0 1 1/2 21:00 7:38 0:00
David Ullstrom 0 1 1 -2 0 0 1 0 0 0 1/1 10:15 0:04 0:00
Derek Meech 1 1 2 1 2 3 1 3 0 0 0/0 23:20 4:46 5:02
Eric Staal 1 2 3 3 0 2 2 0 2 0 11/36 24:52 7:26 4:19
Erik Johnson 0 1 1 0 2 3 0 1 0 1 0/0 24:26 7:50 1:11
Jonathan Ferland 0 0 0 0 0 0 1 0 0 0 0/0 6:22 0:07 0:52
Jordin Tootoo 1 0 1 -2 2 7 3 1 0 2 0/1 18:46 4:39 3:36
Mikhail Grabovski 0 0 0 0 0 1 0 1 0 0 4/6 10:06 0:00 4:28
Patrik Berglund 0 1 1 -2 0 1 1 0 1 1 8/15 15:21 4:55 0:00
Peter Prucha 0 0 0 0 0 2 0 0 1 0 0/0 9:04 0:00 0:00
Sami Vatanen 0 2 2 0 0 0 0 2 0 0 0/0 24:17 7:51 0:21
Steve Eminger 0 0 0 0 0 1 1 0 0 1 0/0 14:25 0:00 4:56
Steve Regier 1 0 1 0 0 1 2 0 0 1 0/0 9:46 4:51 0:00
Tom Poti 0 0 0 1 2 2 0 1 0 1 0/0 20:42 4:46 2:49
Players Stats for Avalanche
Player Name G A P +/- PIM S H SB GA TA FO MP PP MP PK MP
------------------------------------------------------------------------------------
Alexander Radulov 0 0 0 -2 0 0 2 0 1 0 0/1 16:36 3:50 0:00
Andrei Kostitsyn 0 0 0 1 0 1 2 0 1 0 0/2 14:57 3:50 2:11
Andrew Ladd 0 1 1 0 2 0 0 0 1 0 7/11 17:01 0:13 5:40
Brandon Yip 0 1 1 1 2 2 1 0 0 0 0/0 12:25 0:05 3:04
Bryan Little 0 0 0 -2 2 0 0 0 0 0 15/27 17:44 5:04 0:00
Chuck Kobasew 0 0 0 0 0 2 0 0 1 1 1/1 12:03 0:00 6:39
Dan Boyle 0 0 0 0 2 1 0 0 0 0 0/0 11:17 0:00 0:34
Dominic Moore 0 0 0 0 0 0 0 0 0 0 2/2 6:31 0:00 1:07
Greg Campbell 1 0 1 1 0 1 0 0 0 1 6/6 11:40 0:00 2:46
Jack Johnson 1 0 1 -2 0 2 1 3 1 0 0/0 25:23 5:24 5:23
Jay Bouwmeester 1 1 2 -2 0 4 1 1 0 2 0/0 19:45 5:24 1:10
Johnny Boychuk 0 0 0 0 0 0 0 0 1 0 0/0 16:01 0:18 5:07
Marc Staal 0 1 1 1 2 0 1 2 2 0 0/0 23:37 3:20 5:55
Mikkel Boedker 0 0 0 -2 4 3 5 0 0 0 2/2 17:46 5:07 0:00
Patric Hornqvist 2 1 3 0 0 4 1 0 1 0 1/2 15:59 5:02 0:00
Paul Stastny 0 3 3 0 2 3 1 0 0 0 8/16 18:03 3:50 3:47
Pernell Karl Subban 0 0 0 1 0 1 3 2 1 0 0/0 24:03 3:38 7:05
Zach Boychuk 0 0 0 0 2 1 0 0 0 1 0/0 5:43 0:05 0:00
3 Stars
1 - David Backes (Cal)
2 - Eric Staal (Cal)
3 - Alexander Semin (Cal)
Power Play
Flames - 3 on 9 Attempt(s) - 33.33%
Avalanche - 2 on 6 Attempt(s) - 33.33%
Penalty Kill
Flames - 4 on 6 Attempt(s) - 66.67%
- Score 0 goal in Penalty Kill
Avalanche - 6 on 9 Attempt(s) - 66.67%
- Score 0 goal in Penalty Kill
Team Stat
Flames - Hits : 16 - Faceoff Wins : 28 - Blocked Shots : 10 - Penalty Minutes : 12
Avalanche - Hits : 18 - Faceoff Wins : 42 - Blocked Shots : 8 - Penalty Minutes : 18
Official
Referees : Unknown
Linesman : Unknown
Game Notes
Jonas Gustavsson enters game at 4:04 of 2nd period
Roberto Luongo enters game at 5:35 of 3rd period
Finance
Level 1 -- Attendance: 5881 (98.02%) -- Ticket Income $523,409
Level 2 -- Attendance: 4518 (90.36%) -- Ticket Income $248,490
Level 3 -- Attendance: 2000 (100.00%) -- Ticket Income $66,000
Level 4 -- Attendance: 4000 (100.00%) -- Ticket Income $92,000
Luxury Box -- Attendance: 739 (73.90%) -- Ticket Income $127,108
Game was played at the Pepsi Center.
Total Attendance: 17138 (95.21%)
Total Ticket Income: $1,057,007
Other Income: $158,551
Total Income: $1,215,558
Flames
5 vs 5 Forward
Center Left Wing Right Wing Time % Phy DF OF
1 Eric Staal Alexander Semin David Backes 40 0 1 4
2 Patrik Berglund David Ullstrom Jordin Tootoo 33 0 1 4
3 Colin Wilson Brad Marchand Peter Prucha 19 0 1 4
4 Mikhail Grabovski Steve Regier Jonathan Ferland 8 0 4 1
5 vs 5 Defense
Defense Defense Time % Phy DF OF
1 Erik Johnson Sami Vatanen 38 1 3 1
2 Derek Meech Tom Poti 29 1 3 1
3 Brendan Mikkelson Steve Eminger 23 1 3 1
4 Derek Meech Tom Poti 10 1 3 1
PowerPlay Forward
Center Left Wing Right Wing Time % Phy DF OF
1 Eric Staal Alexander Semin David Backes 60 1 0 4
2 Patrik Berglund Steve Regier Jordin Tootoo 40 1 0 4
PowerPlay Defense
Defense Defense Time % Phy DF OF
1 Erik Johnson Sami Vatanen 60 1 1 3
2 Derek Meech Tom Poti 40 1 1 3
Penalty Kill 4 Players Forward
Center Wing Time % Phy DF OF
1 Mikhail Grabovski Jordin Tootoo 50 1 4 0
2 Eric Staal Brad Marchand 50 1 4 0
Penalty Kill 4 Players Defense
Defense Defense Time % Phy DF OF
1 Derek Meech Steve Eminger 58 1 4 0
2 Brendan Mikkelson Tom Poti 42 1 4 0
Penalty Kill - 3 Players Forward
Forward Time % Phy DF OF
1 Eric Staal 50 1 4 0
2 David Backes 50 1 4 0
Penalty Kill - 3 Players Defense
Defense Defense Time % Phy DF OF
1 Derek Meech Steve Eminger 58 1 4 0
2 Brendan Mikkelson Tom Poti 42 1 4 0
4 vs 4 Forward
Center Wing Time % Phy DF OF
1 Eric Staal David Backes 60 1 2 2
2 Patrik Berglund Alexander Semin 40 1 2 2
4 vs 4 Defense
Defense Defense Time % Phy DF OF
1 Erik Johnson Sami Vatanen 60 1 2 2
2 Derek Meech Tom Poti 40 1 2 2
Last Minutes Offensive
Center Left Wing Right Wing Defense Defense
Eric Staal Alexander Semin David Backes Erik Johnson Sami Vatanen
Last Minutes Defensive
Center Left Wing Right Wing Defense Defense
Eric Staal Alexander Semin David Backes Derek Meech Steve Eminger
Goaltenders
Starting : Pekka Rinne
Backup : Jonas Gustavsson
Extra Forwards
Normal : Brad Marchand, Jordin Tootoo, Patrik Berglund - PP : Jordin Tootoo, Brad Marchand - PK : Jonathan Ferland
Extra Defensemen
Normal : Derek Meech, Steve Eminger, Brendan Mikkelson - PP : Derek Meech - PK : Erik Johnson, Brendan Mikkelson
Penalty Shots
Eric Staal, Alexander Semin, David Backes, Steve Regier, Patrik Berglund
Scratches
None
Avalanche
5 vs 5 Forward
Center Left Wing Right Wing Time % Phy DF OF
1 Bryan Little Mikkel Boedker Alexander Radulov 35 1 2 2
2 Paul Stastny Andrew Ladd Patric Hornqvist 30 1 2 2
3 Greg Campbell Andrei Kostitsyn Brandon Yip 25 1 2 2
4 Dominic Moore Zach Boychuk Chuck Kobasew 10 1 2 2
5 vs 5 Defense
Defense Defense Time % Phy DF OF
1 Pernell Karl Subban Marc Staal 35 1 2 2
2 Jay Bouwmeester Jack Johnson 35 1 2 2
3 Johnny Boychuk Dan Boyle 30 1 2 2
4 Marc Staal Jack Johnson 0 1 2 2
PowerPlay Forward
Center Left Wing Right Wing Time % Phy DF OF
1 Bryan Little Mikkel Boedker Patric Hornqvist 60 1 2 2
2 Paul Stastny Andrei Kostitsyn Alexander Radulov 40 1 2 2
PowerPlay Defense
Defense Defense Time % Phy DF OF
1 Jay Bouwmeester Jack Johnson 60 1 2 2
2 Pernell Karl Subban Marc Staal 40 1 2 2
Penalty Kill 4 Players Forward
Center Wing Time % Phy DF OF
1 Andrew Ladd Chuck Kobasew 60 1 2 2
2 Paul Stastny Brandon Yip 40 1 2 2
Penalty Kill 4 Players Defense
Defense Defense Time % Phy DF OF
1 Marc Staal Pernell Karl Subban 60 1 2 2
2 Jack Johnson Johnny Boychuk 40 1 2 2
Penalty Kill - 3 Players Forward
Forward Time % Phy DF OF
1 Chuck Kobasew 60 1 2 2
2 Andrew Ladd 40 1 2 2
Penalty Kill - 3 Players Defense
Defense Defense Time % Phy DF OF
1 Marc Staal Jack Johnson 60 1 2 2
2 Pernell Karl Subban Johnny Boychuk 40 1 2 2
4 vs 4 Forward
Center Wing Time % Phy DF OF
1 Patric Hornqvist Mikkel Boedker 60 1 2 2
2 Bryan Little Andrei Kostitsyn 40 1 2 2
4 vs 4 Defense
Defense Defense Time % Phy DF OF
1 Marc Staal Jack Johnson 60 1 2 2
2 Pernell Karl Subban Johnny Boychuk 40 1 2 2
Last Minutes Offensive
Center Left Wing Right Wing Defense Defense
Bryan Little Mikkel Boedker Patric Hornqvist Marc Staal Jack Johnson
Last Minutes Defensive
Center Left Wing Right Wing Defense Defense
Bryan Little Andrew Ladd Chuck Kobasew Marc Staal Jack Johnson
Goaltenders
Starting : Semyon Varlamov
Backup : Roberto Luongo
Extra Forwards
Normal : Andrew Ladd, Alexander Radulov, Greg Campbell - PP : Andrew Ladd, Alexander Radulov - PK : Greg Campbell
Extra Defensemen
Normal : Jay Bouwmeester, Dan Boyle, Pernell Karl Subban - PP : Jay Bouwmeester - PK : Jay Bouwmeester, Pernell Karl Subban
Penalty Shots
Mikkel Boedker, Patric Hornqvist, Paul Stastny, Bryan Little, Andrei Kostitsyn
Scratches
None
% Time on Ice - Flames
Lines # - Real PCT - Wanted PCT - Time Play
Normal Forward
1 - 35% - 40% - 13:02
2 - 28% - 33% - 10:34
3 - 24% - 19% - 9:04
4 - 13% - 8% - 5:01
Normal Defense
1 - 42% - 38% - 15:56
2 - 33% - 29% - 12:16
3 - 22% - 23% - 8:26
4 - 3% - 10% - 1:03
PP Forward
1 - 61% - 60% - 7:42
2 - 39% - 40% - 4:55
PP Defense
1 - 62% - 60% - 7:51
2 - 38% - 40% - 4:46
PK Forward
1 - 55% - 50% - 4:58
2 - 45% - 50% - 4:04
PK Defense
1 - 55% - 58% - 4:56
2 - 45% - 42% - 4:06
PK3 Forward
1 - 0% - 50%
2 - 0% - 50%
PK3 Defense
1 - 0% - 58%
2 - 0% - 42%
44 Forward
1 - 100% - 60% - 0:40
2 - 0% - 40% - 0:00
44 Defense
1 - 100% - 60% - 0:40
2 - 0% - 40% - 0:00
Last Minute Offensive - 0:00
Last Minute Defensive - 0:00
Total
Forward - 60:00
Defense - 60:00
|
% Time on Ice - Avalanche
Lines # - Real PCT - Wanted PCT - Time Play
Normal Forward
1 - 34% - 35% - 12:56
2 - 28% - 30% - 10:27
3 - 24% - 25% - 8:54
4 - 14% - 10% - 5:24
Normal Defense
1 - 33% - 35% - 12:37
2 - 36% - 35% - 13:43
3 - 28% - 30% - 10:25
4 - 2% - 0% - 0:56
PP Forward
1 - 58% - 60% - 5:12
2 - 42% - 40% - 3:50
PP Defense
1 - 60% - 60% - 5:24
2 - 40% - 40% - 3:38
PK Forward
1 - 70% - 60% - 8:50
2 - 30% - 40% - 3:47
PK Defense
1 - 59% - 60% - 7:30
2 - 41% - 40% - 5:07
PK3 Forward
1 - 0% - 60%
2 - 0% - 40%
PK3 Defense
1 - 0% - 60%
2 - 0% - 40%
44 Forward
1 - 100% - 60% - 0:40
2 - 0% - 40% - 0:00
44 Defense
1 - 73% - 60% - 0:29
2 - 28% - 40% - 0:11
Last Minute Offensive - 0:00
Last Minute Defensive - 0:00
Total
Forward - 60:00
Defense - 60:00
|
Play-by-Play
1st period
0:01 of 1st period - Eric Staal wins face-off versus Bryan Little in neutral zone.
0:05 of 1st period - Erik Johnson is hit by Alexander Radulov and loses puck.
0:30 of 1st period - Slapshot by Paul Stastny.
0:30 of 1st period - Stopped by Pekka Rinne with a rebound.
0:32 of 1st period - Slapshot by Marc Staal.
0:32 of 1st period - Shot Misses the Net.
0:34 of 1st period - Snap shot by Paul Stastny.
0:34 of 1st period - Deflect By Patric Hornqvist.
0:34 of 1st period - Deflect By Erik Johnson.
0:34 of 1st period - Goal by Patric Hornqvist - Flames : 0 - Avalanche : 1.
0:35 of 1st period - Greg Campbell wins face-off versus Colin Wilson in neutral zone.
0:38 of 1st period - Slapshot by Brandon Yip.
0:38 of 1st period - Stopped by Pekka Rinne without a rebound.
0:39 of 1st period - Greg Campbell wins face-off versus Colin Wilson in Flames zone.
1:07 of 1st period - Snap shot by Jay Bouwmeester.
1:07 of 1st period - Shot Blocked by Derek Meech.
1:09 of 1st period - Slapshot by Jay Bouwmeester.
1:09 of 1st period - Shot Misses the Net.
1:11 of 1st period - Slapshot by Jay Bouwmeester.
1:11 of 1st period - Shot Blocked by Derek Meech.
1:13 of 1st period - Snap shot by Paul Stastny.
1:13 of 1st period - Stopped by Pekka Rinne with a rebound.
1:15 of 1st period - Snap shot by Jack Johnson.
1:15 of 1st period - Shot Blocked by Mikhail Grabovski.
1:21 of 1st period - Minor Penalty to Derek Meech for Holding.
1:22 of 1st period - Mikhail Grabovski wins face-off versus Bryan Little in Flames zone.
1:57 of 1st period - Slapshot by Jack Johnson.
1:57 of 1st period - Goal by Jack Johnson - Flames : 0 - Avalanche : 2.
1:58 of 1st period - Dominic Moore wins face-off versus Eric Staal in neutral zone.
2:50 of 1st period - Slapshot by Colin Wilson.
2:50 of 1st period - Stopped by Semyon Varlamov without a rebound.
2:51 of 1st period - Colin Wilson wins face-off versus Paul Stastny in Avalanche zone.
2:52 of 1st period - Snap shot by Erik Johnson.
2:52 of 1st period - Shot Blocked by Pernell Karl Subban.
2:58 of 1st period - Slapshot by Erik Johnson.
2:58 of 1st period - Stopped by Semyon Varlamov with a rebound.
3:00 of 1st period - Slapshot by Erik Johnson.
3:00 of 1st period - Stopped by Semyon Varlamov without a rebound.
3:01 of 1st period - Eric Staal wins face-off versus Andrei Kostitsyn in Avalanche zone.
3:10 of 1st period - Snap shot by David Backes.
3:10 of 1st period - Shot Misses the Net.
4:10 of 1st period - Wrist shot by Andrei Kostitsyn.
4:10 of 1st period - Shot Misses the Net.
4:42 of 1st period - Snap shot by Eric Staal.
4:42 of 1st period - Shot Blocked by Pernell Karl Subban.
4:44 of 1st period - Minor Penalty to Zach Boychuk for Tripping.
4:45 of 1st period - Andrew Ladd wins face-off versus Eric Staal in Avalanche zone.
5:00 of 1st period - Snap shot by Andrew Ladd.
5:00 of 1st period - Shot Blocked by Sami Vatanen.
5:28 of 1st period - Marc Staal is hit by Jordin Tootoo and loses puck.
6:09 of 1st period - Greg Campbell is hit by David Backes and loses puck.
6:44 of 1st period - Penalty to Zach Boychuk is over, Zach Boychuk is back on ice.
6:52 of 1st period - Wrist shot by Mikkel Boedker.
6:52 of 1st period - Stopped by Pekka Rinne with a rebound.
6:54 of 1st period - Slapshot by Marc Staal.
6:54 of 1st period - Shot Blocked by Sami Vatanen.
9:04 of 1st period - Icing by Paul Stastny.
9:05 of 1st period - Greg Campbell wins face-off versus Eric Staal in Avalanche zone.
9:17 of 1st period - Off-side.
9:18 of 1st period - Bryan Little wins face-off versus Patrik Berglund in neutral zone.
9:20 of 1st period - Off-side.
9:21 of 1st period - Patrik Berglund wins face-off versus Bryan Little in neutral zone.
9:50 of 1st period - Snap shot by David Backes.
9:50 of 1st period - Stopped by Semyon Varlamov without a rebound.
9:51 of 1st period - Paul Stastny wins face-off versus Eric Staal in Avalanche zone.
10:02 of 1st period - Off-side.
10:03 of 1st period - Eric Staal wins face-off versus Paul Stastny in neutral zone.
10:31 of 1st period - Patrik Berglund is hit by Alexander Radulov and loses puck.
11:44 of 1st period - Johnny Boychuk is hit by Steve Regier and loses puck.
13:26 of 1st period - Snap shot by Chuck Kobasew.
13:26 of 1st period - Stopped by Pekka Rinne without a rebound.
13:27 of 1st period - Paul Stastny wins face-off versus Colin Wilson in Flames zone.
13:33 of 1st period - Minor Penalty to Colin Wilson for Holding.
13:34 of 1st period - Mikhail Grabovski wins face-off versus Bryan Little in Flames zone.
13:34 of 1st period - Mikhail Grabovski is hit by Mikkel Boedker.
14:09 of 1st period - Snap shot by Andrei Kostitsyn.
14:09 of 1st period - Shot Blocked by Derek Meech.
14:11 of 1st period - Slapshot by Paul Stastny.
14:11 of 1st period - Shot Blocked by Jordin Tootoo.
14:37 of 1st period - Tom Poti is hit by Pernell Karl Subban and loses puck.
14:58 of 1st period - Brendan Mikkelson is hit by Jack Johnson and loses puck.
15:33 of 1st period - Penalty to Colin Wilson is over, Colin Wilson is back on ice.
15:33 of 1st period - Andrew Ladd is hit by Alexander Semin and loses puck.
16:08 of 1st period - Snap shot by Brad Marchand.
16:08 of 1st period - Stopped by Semyon Varlamov without a rebound.
16:09 of 1st period - Greg Campbell wins face-off versus Colin Wilson in Avalanche zone.
16:16 of 1st period - Snap shot by Andrei Kostitsyn.
16:16 of 1st period - Shot Misses the Net.
16:35 of 1st period - Eric Staal is hit by Mikkel Boedker and loses puck.
16:43 of 1st period - Minor Penalty to Mikkel Boedker for Roughing.
16:44 of 1st period - Andrew Ladd wins face-off versus Eric Staal in Avalanche zone.
16:44 of 1st period - Andrew Ladd is hit by Alexander Semin.
17:16 of 1st period - Wrist shot by Jordin Tootoo.
17:16 of 1st period - Deflect By Jack Johnson.
17:16 of 1st period - Stopped by Semyon Varlamov without a rebound.
17:17 of 1st period - Patrik Berglund wins face-off versus Paul Stastny in Avalanche zone.
17:26 of 1st period - Snap shot by Jordin Tootoo.
17:26 of 1st period - Stopped by Semyon Varlamov without a rebound.
17:27 of 1st period - Patrik Berglund wins face-off versus Andrew Ladd in Avalanche zone.
17:31 of 1st period - Wrist shot by Steve Regier.
17:31 of 1st period - Goal by Steve Regier - Flames : 1 - Avalanche : 2.
17:32 of 1st period - Paul Stastny wins face-off versus Eric Staal in neutral zone.
17:35 of 1st period - Slapshot by Jay Bouwmeester.
17:35 of 1st period - Shot Misses the Net.
17:55 of 1st period - Minor Penalty to Andrew Ladd for Holding.
17:56 of 1st period - Greg Campbell wins face-off versus Eric Staal in Avalanche zone.
19:55 of 1st period - Penalty to Andrew Ladd is over, Andrew Ladd is back on ice.
Goals for this period are 1 for Flames vs 2 for Avalanche.
Shots for this period are 8 for Flames vs 7 for Avalanche.
2nd period
0:01 of 2nd period - Bryan Little wins face-off versus Patrik Berglund in neutral zone.
0:09 of 2nd period - Minor Penalty to Mikkel Boedker for Hooking.
0:10 of 2nd period - Chuck Kobasew wins face-off versus Eric Staal in Avalanche zone.
1:08 of 2nd period - Off-side.
1:09 of 2nd period - Eric Staal wins face-off versus Paul Stastny in neutral zone.
1:28 of 2nd period - Minor Penalty to Erik Johnson for Tripping.
1:29 of 2nd period - Eric Staal wins face-off versus Patric Hornqvist in Flames zone.
1:42 of 2nd period - Backhand shot by Jack Johnson.
1:42 of 2nd period - Stopped by Pekka Rinne with a rebound.
1:56 of 2nd period - Derek Meech is hit by Patric Hornqvist and loses puck.
2:09 of 2nd period - Penalty to Mikkel Boedker is over, Mikkel Boedker is back on ice.
2:24 of 2nd period - Slapshot by Johnny Boychuk.
2:24 of 2nd period - Shot Blocked by Brendan Mikkelson.
2:26 of 2nd period - Wrist shot by Andrei Kostitsyn.
2:26 of 2nd period - Deflect By Tom Poti.
2:26 of 2nd period - Stopped by Pekka Rinne without a rebound.
2:27 of 2nd period - Mikhail Grabovski wins face-off versus Paul Stastny in Flames zone.
2:38 of 2nd period - Slapshot by Jay Bouwmeester.
2:38 of 2nd period - Goal by Jay Bouwmeester - Flames : 1 - Avalanche : 3.
2:39 of 2nd period - Bryan Little wins face-off versus Eric Staal in neutral zone.
3:07 of 2nd period - Slapshot by Jay Bouwmeester.
3:07 of 2nd period - Stopped by Pekka Rinne with a rebound.
3:13 of 2nd period - Slapshot by Erik Johnson.
3:13 of 2nd period - Deflect By Jordin Tootoo.
3:13 of 2nd period - Stopped by Semyon Varlamov without a rebound.
3:14 of 2nd period - Patrik Berglund wins face-off versus Andrew Ladd in Avalanche zone.
3:15 of 2nd period - Snap shot by Jordin Tootoo.
3:15 of 2nd period - Shot Misses the Net.
3:17 of 2nd period - Wrist shot by Jordin Tootoo.
3:17 of 2nd period - Deflect By Patrik Berglund.
3:17 of 2nd period - Shot Blocked by Marc Staal.
3:17 of 2nd period - Puck is out of play.
3:18 of 2nd period - Paul Stastny wins face-off versus Patrik Berglund in Avalanche zone.
3:18 of 2nd period - Patric Hornqvist is hit by Jordin Tootoo and loses puck.
3:23 of 2nd period - Wrist shot by Jordin Tootoo.
3:23 of 2nd period - Stopped by Semyon Varlamov without a rebound.
3:24 of 2nd period - David Ullstrom wins face-off versus Andrew Ladd in Avalanche zone.
3:25 of 2nd period - Snap shot by Jordin Tootoo.
3:25 of 2nd period - Stopped by Semyon Varlamov with a rebound.
3:27 of 2nd period - Slapshot by Tom Poti.
3:27 of 2nd period - Deflect By Jordin Tootoo.
3:27 of 2nd period - Shot Misses the Net.
3:27 of 2nd period - Puck is out of play.
3:28 of 2nd period - Mikkel Boedker wins face-off versus Eric Staal in Avalanche zone.
4:04 of 2nd period - Wrist shot by Patric Hornqvist.
4:04 of 2nd period - Goal by Patric Hornqvist - Flames : 1 - Avalanche : 4.
4:04 of 2nd period - Jonas Gustavsson enters game.
4:05 of 2nd period - Bryan Little wins face-off versus Eric Staal in neutral zone.
4:15 of 2nd period - Wrist shot by Alexander Semin.
4:15 of 2nd period - Stopped by Semyon Varlamov with a rebound.
4:17 of 2nd period - Slapshot by Erik Johnson.
4:17 of 2nd period - Shot Misses the Net.
4:19 of 2nd period - Wrist shot by Eric Staal.
4:19 of 2nd period - Stopped by Semyon Varlamov with a rebound.
4:21 of 2nd period - Snap shot by Eric Staal.
4:21 of 2nd period - Goal by Eric Staal - Flames : 2 - Avalanche : 4.
4:22 of 2nd period - Paul Stastny wins face-off versus Eric Staal in neutral zone.
4:25 of 2nd period - Slapshot by Jay Bouwmeester.
4:25 of 2nd period - Deflect By Paul Stastny.
4:25 of 2nd period - Shot Misses the Net.
4:25 of 2nd period - Puck is out of play.
4:26 of 2nd period - Paul Stastny wins face-off versus Eric Staal in Flames zone.
4:35 of 2nd period - Snap shot by Eric Staal.
4:35 of 2nd period - Deflect By David Backes.
4:35 of 2nd period - Goal by David Backes - Flames : 3 - Avalanche : 4.
4:36 of 2nd period - Patrik Berglund wins face-off versus Bryan Little in neutral zone.
5:03 of 2nd period - Eric Staal is hit by Pernell Karl Subban and loses puck.
5:52 of 2nd period - Minor Penalty to Tom Poti for Hooking.
5:53 of 2nd period - Patric Hornqvist wins face-off versus Mikhail Grabovski in Flames zone.
6:07 of 2nd period - Backhand shot by Mikkel Boedker.
6:07 of 2nd period - Shot Misses the Net.
6:09 of 2nd period - Snap shot by Patric Hornqvist.
6:09 of 2nd period - Stopped by Jonas Gustavsson with a rebound.
6:57 of 2nd period - Brad Marchand is hit by Mikkel Boedker and loses puck.
7:52 of 2nd period - Penalty to Tom Poti is over, Tom Poti is back on ice.
8:23 of 2nd period - Minor Penalty to Dan Boyle for Roughing.
8:24 of 2nd period - Andrew Ladd wins face-off versus Eric Staal in Avalanche zone.
10:03 of 2nd period - Patrik Berglund is hit by Andrei Kostitsyn.
10:23 of 2nd period - Penalty to Dan Boyle is over, Dan Boyle is back on ice.
10:36 of 2nd period - Snap shot by Brad Marchand.
10:36 of 2nd period - Stopped by Semyon Varlamov with a rebound.
10:38 of 2nd period - Wrist shot by Brad Marchand.
10:38 of 2nd period - Stopped by Semyon Varlamov without a rebound.
10:39 of 2nd period - Patrik Berglund wins face-off versus Bryan Little in Avalanche zone.
11:18 of 2nd period - Snap shot by Brad Marchand.
11:18 of 2nd period - Shot Misses the Net.
11:20 of 2nd period - Snap shot by Brendan Mikkelson.
11:20 of 2nd period - Stopped by Semyon Varlamov with a rebound.
11:22 of 2nd period - Slapshot by Peter Prucha.
11:22 of 2nd period - Shot Misses the Net.
11:29 of 2nd period - Off-side.
11:30 of 2nd period - Patrik Berglund wins face-off versus Bryan Little in neutral zone.
11:32 of 2nd period - Minor Penalty to Jordin Tootoo for Interference.
11:33 of 2nd period - Bryan Little wins face-off versus Eric Staal in Flames zone.
11:43 of 2nd period - Snap shot by Patric Hornqvist.
11:43 of 2nd period - Shot Misses the Net.
11:45 of 2nd period - Slapshot by Jay Bouwmeester.
11:45 of 2nd period - Deflect By Steve Eminger.
11:45 of 2nd period - Stopped by Jonas Gustavsson with a rebound.
13:32 of 2nd period - Penalty to Jordin Tootoo is over, Jordin Tootoo is back on ice.
13:36 of 2nd period - Icing by Mikkel Boedker.
13:37 of 2nd period - Bryan Little wins face-off versus Patrik Berglund in Avalanche zone.
13:46 of 2nd period - Wrist shot by Zach Boychuk.
13:46 of 2nd period - Deflect By Erik Johnson.
13:46 of 2nd period - Stopped by Jonas Gustavsson without a rebound.
13:47 of 2nd period - Dominic Moore wins face-off versus Patrik Berglund in Flames zone.
13:48 of 2nd period - Snap shot by Zach Boychuk.
13:48 of 2nd period - Shot Hit the Post.
14:36 of 2nd period - Wrist shot by Brandon Yip.
14:36 of 2nd period - Stopped by Jonas Gustavsson with a rebound.
14:44 of 2nd period - Slapshot by Brendan Mikkelson.
14:44 of 2nd period - Stopped by Semyon Varlamov without a rebound.
14:45 of 2nd period - Bryan Little wins face-off versus Jordin Tootoo in Avalanche zone.
14:45 of 2nd period - Bryan Little is hit by Patrik Berglund.
15:01 of 2nd period - Snap shot by Mikkel Boedker.
15:01 of 2nd period - Deflect By Bryan Little.
15:01 of 2nd period - Shot Blocked by Erik Johnson.
15:01 of 2nd period - Puck is out of play.
15:02 of 2nd period - Eric Staal wins face-off versus Paul Stastny in Flames zone.
15:02 of 2nd period - Eric Staal is hit by Paul Stastny.
15:15 of 2nd period - Minor Penalty to David Backes for Hooking.
15:16 of 2nd period - Bryan Little wins face-off versus Eric Staal in Flames zone.
15:28 of 2nd period - Off-side.
15:29 of 2nd period - Bryan Little wins face-off versus Mikhail Grabovski in neutral zone.
15:36 of 2nd period - Snap shot by Mikkel Boedker.
15:36 of 2nd period - Stopped by Jonas Gustavsson without a rebound.
15:37 of 2nd period - Eric Staal wins face-off versus Bryan Little in Flames zone.
15:54 of 2nd period - Snap shot by Mikhail Grabovski.
15:54 of 2nd period - Stopped by Semyon Varlamov without a rebound.
15:55 of 2nd period - Mikhail Grabovski wins face-off versus Andrei Kostitsyn in Avalanche zone.
16:22 of 2nd period - Bryan Little is hit by Eric Staal and loses puck.
17:15 of 2nd period - Penalty to David Backes is over, David Backes is back on ice.
17:42 of 2nd period - Slapshot by Steve Eminger.
17:42 of 2nd period - Stopped by Semyon Varlamov with a rebound.
17:54 of 2nd period - Dan Boyle is hit by Steve Regier.
18:14 of 2nd period - Snap shot by Patrik Berglund.
18:14 of 2nd period - Stopped by Semyon Varlamov with a rebound.
19:49 of 2nd period - Slapshot by Jack Johnson.
19:49 of 2nd period - Deflect By Chuck Kobasew.
19:49 of 2nd period - Stopped by Jonas Gustavsson without a rebound.
19:50 of 2nd period - Mikkel Boedker wins face-off versus Eric Staal in Flames zone.
Goals for this period are 2 for Flames vs 2 for Avalanche.
Shots for this period are 14 for Flames vs 11 for Avalanche.
3rd period
0:01 of 3rd period - Bryan Little wins face-off versus Eric Staal in neutral zone.
0:26 of 3rd period - Steve Eminger is hit by Pernell Karl Subban and loses puck.
0:51 of 3rd period - Backhand shot by Pernell Karl Subban.
0:51 of 3rd period - Stopped by Jonas Gustavsson without a rebound.
0:52 of 3rd period - Colin Wilson wins face-off versus Paul Stastny in Flames zone.
1:12 of 3rd period - Slapshot by Patric Hornqvist.
1:12 of 3rd period - Stopped by Jonas Gustavsson without a rebound.
1:13 of 3rd period - Bryan Little wins face-off versus Alexander Semin in Flames zone.
1:29 of 3rd period - Snap shot by Mikkel Boedker.
1:29 of 3rd period - Stopped by Jonas Gustavsson with a rebound.
1:43 of 3rd period - Slapshot by David Ullstrom.
1:43 of 3rd period - Shot Misses the Net.
1:45 of 3rd period - Snap shot by Jordin Tootoo.
1:45 of 3rd period - Goal by Jordin Tootoo - Flames : 4 - Avalanche : 4.
1:46 of 3rd period - Bryan Little wins face-off versus Eric Staal in neutral zone.
1:51 of 3rd period - Slapshot by Jay Bouwmeester.
1:51 of 3rd period - Stopped by Jonas Gustavsson without a rebound.
1:52 of 3rd period - Eric Staal wins face-off versus Bryan Little in Flames zone.
1:52 of 3rd period - Eric Staal is hit by Jay Bouwmeester.
2:00 of 3rd period - Snap shot by David Backes.
2:00 of 3rd period - Shot Blocked by Jay Bouwmeester.
2:02 of 3rd period - Slapshot by Tom Poti.
2:02 of 3rd period - Stopped by Semyon Varlamov without a rebound.
2:03 of 3rd period - Bryan Little wins face-off versus Alexander Semin in Avalanche zone.
2:30 of 3rd period - Jay Bouwmeester is hit by Jordin Tootoo and loses puck.
2:39 of 3rd period - Wrist shot by Jordin Tootoo.
2:39 of 3rd period - Shot Misses the Net.
5:07 of 3rd period - Snap shot by Mikkel Boedker.
5:07 of 3rd period - Shot Misses the Net.
5:09 of 3rd period - Slapshot by Dan Boyle.
5:09 of 3rd period - Stopped by Jonas Gustavsson without a rebound.
5:10 of 3rd period - Patrik Berglund wins face-off versus Paul Stastny in Flames zone.
5:12 of 3rd period - Icing by Jordin Tootoo.
5:13 of 3rd period - Paul Stastny wins face-off versus Patrik Berglund in Flames zone.
5:15 of 3rd period - Minor Penalty to Paul Stastny for Roughing.
5:16 of 3rd period - Andrew Ladd wins face-off versus Eric Staal in Avalanche zone.
5:24 of 3rd period - Slapshot by Derek Meech.
5:24 of 3rd period - Goal by Derek Meech - Flames : 5 - Avalanche : 4.
5:25 of 3rd period - Bryan Little wins face-off versus Eric Staal in neutral zone.
5:35 of 3rd period - Backhand shot by David Backes.
5:35 of 3rd period - Goal by David Backes - Flames : 6 - Avalanche : 4.
5:35 of 3rd period - Roberto Luongo enters game.
5:36 of 3rd period - Eric Staal wins face-off versus Bryan Little in neutral zone.
5:38 of 3rd period - Off-side.
5:39 of 3rd period - Eric Staal wins face-off versus Alexander Radulov in neutral zone.
5:52 of 3rd period - Steve Eminger is hit by Mikkel Boedker and loses puck.
6:28 of 3rd period - Minor Penalty to Marc Staal for High sticking.
6:29 of 3rd period - Andrew Ladd wins face-off versus Eric Staal in Avalanche zone.
6:35 of 3rd period - Snap shot by David Backes.
6:35 of 3rd period - Shot Misses the Net.
7:08 of 3rd period - Slapshot by Jay Bouwmeester.
7:08 of 3rd period - Deflect By Paul Stastny.
7:08 of 3rd period - Stopped by Jonas Gustavsson with a rebound.
8:02 of 3rd period - Steve Regier is hit by Andrei Kostitsyn and loses puck.
8:28 of 3rd period - Penalty to Marc Staal is over, Marc Staal is back on ice.
8:45 of 3rd period - Icing by Derek Meech.
8:46 of 3rd period - Colin Wilson wins face-off versus Bryan Little in Flames zone.
8:46 of 3rd period - Colin Wilson is hit by Mikkel Boedker.
8:54 of 3rd period - Snap shot by Brad Marchand.
8:54 of 3rd period - Shot Blocked by Jack Johnson.
8:56 of 3rd period - Slapshot by Colin Wilson.
8:56 of 3rd period - Deflect By Brad Marchand.
8:56 of 3rd period - Stopped by Roberto Luongo with a rebound.
8:58 of 3rd period - Slapshot by Derek Meech.
8:58 of 3rd period - Shot Misses the Net.
9:06 of 3rd period - Wrist shot by Colin Wilson.
9:06 of 3rd period - Stopped by Roberto Luongo with a rebound.
9:08 of 3rd period - Slapshot by Tom Poti.
9:08 of 3rd period - Shot Blocked by Jack Johnson.
9:16 of 3rd period - Wrist shot by Brad Marchand.
9:16 of 3rd period - Shot Blocked by Jack Johnson.
9:18 of 3rd period - Slapshot by Tom Poti.
9:18 of 3rd period - Shot Blocked by Marc Staal.
9:20 of 3rd period - Backhand shot by Colin Wilson.
9:20 of 3rd period - Stopped by Roberto Luongo with a rebound.
9:22 of 3rd period - Snap shot by Derek Meech.
9:22 of 3rd period - Stopped by Roberto Luongo with a rebound.
9:24 of 3rd period - Wrist shot by Brad Marchand.
9:24 of 3rd period - Stopped by Roberto Luongo with a rebound.
9:26 of 3rd period - Wrist shot by Brad Marchand.
9:26 of 3rd period - Deflect By Peter Prucha.
9:26 of 3rd period - Stopped by Roberto Luongo with a rebound.
9:28 of 3rd period - Slapshot by Tom Poti.
9:28 of 3rd period - Stopped by Roberto Luongo with a rebound.
9:30 of 3rd period - Snap shot by Derek Meech.
9:30 of 3rd period - Deflect By Bryan Little.
9:30 of 3rd period - Stopped by Roberto Luongo with a rebound.
9:32 of 3rd period - Slapshot by Derek Meech.
9:32 of 3rd period - Shot Misses the Net.
9:34 of 3rd period - Snap shot by Peter Prucha.
9:34 of 3rd period - Stopped by Roberto Luongo without a rebound.
9:35 of 3rd period - Paul Stastny wins face-off versus David Backes in Avalanche zone.
9:40 of 3rd period - Snap shot by Paul Stastny.
9:40 of 3rd period - Shot Misses the Net.
10:05 of 3rd period - Snap shot by Greg Campbell.
10:05 of 3rd period - Goal by Greg Campbell - Flames : 6 - Avalanche : 5.
10:06 of 3rd period - David Backes wins face-off versus Bryan Little in neutral zone.
10:09 of 3rd period - Pernell Karl Subban is hit by Eric Staal and loses puck.
10:16 of 3rd period - Alexander Radulov is hit by Steve Eminger and loses puck.
10:34 of 3rd period - Minor Penalty to Brandon Yip for Holding.
10:35 of 3rd period - Andrew Ladd wins face-off versus Eric Staal in Avalanche zone.
10:44 of 3rd period - Slapshot by Erik Johnson.
10:44 of 3rd period - Stopped by Roberto Luongo without a rebound.
10:45 of 3rd period - Eric Staal wins face-off versus Andrew Ladd in Avalanche zone.
11:56 of 3rd period - Slapshot by David Backes.
11:56 of 3rd period - Shot Misses the Net.
11:58 of 3rd period - Wrist shot by Eric Staal.
11:58 of 3rd period - Shot Misses the Net.
12:00 of 3rd period - Wrist shot by Sami Vatanen.
12:00 of 3rd period - Shot Misses the Net.
12:02 of 3rd period - Snap shot by David Backes.
12:02 of 3rd period - Stopped by Roberto Luongo with a rebound.
12:04 of 3rd period - Snap shot by Alexander Semin.
12:04 of 3rd period - Goal by Alexander Semin - Flames : 7 - Avalanche : 5.
12:05 of 3rd period - Bryan Little wins face-off versus Patrik Berglund in neutral zone.
13:16 of 3rd period - Jay Bouwmeester is hit by David Ullstrom and loses puck.
13:53 of 3rd period - Pernell Karl Subban is hit by Jonathan Ferland and loses puck.
14:16 of 3rd period - David Backes is hit by Marc Staal and loses puck.
15:15 of 3rd period - Mikkel Boedker is hit by Brad Marchand and loses puck.
15:36 of 3rd period - Steve Eminger is hit by Brandon Yip and loses puck.
16:56 of 3rd period - Off-side.
16:57 of 3rd period - Greg Campbell wins face-off versus Eric Staal in neutral zone.
16:57 of 3rd period - Jay Bouwmeester is hit by Derek Meech and loses puck.
17:32 of 3rd period - Snap shot by Patrik Berglund.
17:32 of 3rd period - Shot Misses the Net.
17:34 of 3rd period - Slapshot by Tom Poti.
17:34 of 3rd period - Deflect By Jordin Tootoo.
17:34 of 3rd period - Stopped by Roberto Luongo with a rebound.
17:50 of 3rd period - Snap shot by Greg Campbell.
17:50 of 3rd period - Shot Blocked by Tom Poti.
19:04 of 3rd period - Minor Penalty to Bryan Little for Hooking.
19:05 of 3rd period - Andrew Ladd wins face-off versus Eric Staal in Avalanche zone.
Goals for this period are 4 for Flames vs 1 for Avalanche.
Shots for this period are 17 for Flames vs 7 for Avalanche.
Back to the Top